 Dungeon Crawl Stone Soup version 0.18-a0-1670-gb40d73e (webtiles) character file.

36 ShittyPlayer the Sneak (level 3, -1/24 HPs)
             Began as a Demonspawn Wanderer on Apr 1, 2016.
             Slain by an adder (2 damage)
             ... on level 2 of the Dungeon.
             The game lasted 00:02:26 (913 turns).

ShittyPlayer the Sneak (Demonspawn Wanderer)         Turns: 913, Time: 00:02:27

Health: -1/24      AC:  5    Str: 16    XL:     3   Next: 19%
Magic:  0/5        EV: 11    Int: 14    God:
Gold:   105        SH:  0    Dex: 13    Spells: 1 memorised, 4 levels left

rFire  . . .     SeeInvis .     k - +0 whip (pain)
rCold  . . .     Gourm    .     e - +0 robe
rNeg   . . .     Faith    .     (no shield)
rPois  .         Spirit   .     (no helmet)
rElec  .         Dismiss  .     g - +0 cloak
rCorr  .         Reflect  .     (no gloves)
SustAt .         Harm     .     (no boots)
MR     .....                    (no amulet)
Stlth  +++.......               (no ring)
                                (no ring)

@: mighty, lethally poisoned (-1 -> -4), not resistant to hostile enchantments,
fairly stealthy
A: talons 1, slimy green scales 1
a: no special abilities


You were on level 2 of the Dungeon.
You were not hungry.

You visited 1 branch of the dungeon, and saw 2 of its levels.

You collected 105 gold pieces.

Inventory:

Hand Weapons
 a - a +2 dagger
 c - a +0 falchion
 k - a +0 whip of pain (weapon)
Missiles
 r - 3 javelins (quivered)
Armour
 e - a +0 robe (worn)
 g - a +0 cloak (worn)
Scrolls
 b - a scroll of blinking
 h - 2 scrolls of random uselessness {unknown}
 i - a scroll of teleportation {unknown}
 l - 2 scrolls of identify {unknown}
 n - a scroll of remove curse {unknown}
 p - a scroll of fog {unknown}
 q - a scroll of noise {unknown}
Books
 d - the Tome of Evil Magic

   Spells                             Type                      Level
   a - Pain                           Necromancy                   1
   b - Regeneration                   Charms/Necromancy            3
Comestibles
 f - a bread ration
 j - 2 slices of pizza


   Skills:
 - Level 1.0 Dodging
 - Level 5.6 Stealth
 + Level 1.8 Spellcasting
 + Level 3.7 Necromancy


You had 4 spell levels left.
You knew the following spells:

 Your Spells              Type           Power        Failure   Level  Hunger
a - Pain                  Necr           ##..         6%          1    ##.....


Dungeon Overview and Level Annotations

Branches:
Dungeon (2/15)

Altars:


Innate Abilities, Weirdness & Mutations

You have sharp toenails.
You are partially covered in slimy green scales (AC +2).


Message History

The goblin barely misses you. The giant gecko bites you.
* * * LOW HITPOINT WARNING * * *
You miss the adder. You claw the adder, but do no damage.
The adder is almost dead.
The adder bites you but does no damage. The goblin closely misses you.
The giant gecko bites you.
* * * LOW HITPOINT WARNING * * *
The adder closely misses you.
You closely miss the adder. Your kick misses the adder.
The adder is almost dead.
* * * LOW HITPOINT WARNING * * *
You feel sick. The goblin closely misses you.
The giant gecko barely misses you. The adder barely misses you.
The giant gecko closely misses you. The goblin hits you.
* * * LOW HITPOINT WARNING * * *
Drink which item? (? for menu, Esc to quit)
It was a potion of might.
You feel very mighty all of a sudden. The adder bites you.
You die...

#######
##.....##
##.......##
#.........#
#.........#
#...†....<#
#.........#
#......†..#
##.@l........
#..Sg.....####
#.........#
#.........#
#.........#
#.........#
##.......#.
##.....##
#######


You could see an adder, a giant gecko and a goblin.

Vanquished Creatures
  An adder (D:2)
  An ooze (D:1)
  3 dart slugs (D:1)
  A giant gecko (D:2)
  A ball python (D:1)
  2 bats
  A giant cockroach (D:1)
  3 goblins (D:1)
  A hobgoblin (D:1)
  2 giant newts (D:1)
16 creatures vanquished.

Notes
Turn   | Place    | Note
--------------------------------------------------------------
     0 | D:1      | ShittyPlayer the Demonspawn Wanderer began the quest for the Orb.
     0 | D:1      | ShittyPlayer set off with: a +2 dagger, a scroll of blinking, a +0 falchion, the Tome of Evil Magic, a +0 robe, a bread ration
     0 | D:1      | Reached XP level 1. HP: 13/13 MP: 1/1
     0 | D:1      | Identified the Tome of Evil Magic
   197 | D:1      | Reached skill level 1 in Spellcasting
   344 | D:1      | Gained mutation: You are partially covered in slimy green scales (AC +2). [demonic ancestry]
   344 | D:1      | Reached XP level 2. HP: 15/19 MP: 3/3
   348 | D:1      | Learned a level 1 spell: Pain
   871 | D:2      | Gained mutation: You have sharp toenails. [demonic ancestry]
   871 | D:2      | Reached XP level 3. HP: 20/24 MP: 0/5
   912 | D:2      | HP: 1/24 [goblin (2)]
   913 | D:2      | Slain by an adder

Vault maps used:
D:1:      scummos_arrival_simple_fountains
D:2:      lemuel_upstairs_altar, vehumet_crystals

Skill      XL: |  1 |
---------------+----+-----
Spellcasting   | 1 |  1.8
Dodging        | |  1.0
Stealth        | |  5.6
Necromancy     | |  3.7

Action                   || total
-------------------------++-------
Melee: Dagger            ||    23
       Whip              ||    53
 Cast: Pain              ||     8
  Use: Potion            ||     2
 Stab: Sleeping          ||     3
